 Dungeon Crawl Stone Soup version 0.22-a0-283-g1871b151c7 (webtiles) character file.

410 Kaname the Conjurer (level 6, -1/41 HPs)
             Began as a Demonspawn Wizard on Mar 19, 2018.
             Was an Initiate of Gozag.
             Slain by a worker ant (4 damage)
             ... on level 4 of the Dungeon.
             The game lasted 00:15:21 (4759 turns).

Kaname the Conjurer (Demonspawn Wizard)             Turns: 4759, Time: 00:15:22

Health: -1/41      AC:  6    Str:  7    XL:     6   Next: 58%
Magic:  0/12       EV: 12    Int: 21    God:    Gozag
Gold:   345        SH:  0    Dex: 12    Spells: 7/13 levels left

rFire    . . .     SeeInvis .   b - +0 spear
rCold    + . .     Gourm    .   (no shield)
rNeg     . . .     Faith    .   a - +0 robe
rPois    .         Spirit   .   i - +2 helmet
rElec    .         Reflect  .   (no cloak)
rCorr    .         Harm     .   (no gloves)
MR       .....                  l - +0 pair of boots
Stlth    ++........             (no amulet)
HPRegen  0.13/turn              (no ring)
MPRegen  0.13/turn              (no ring)

@: very slightly contaminated
A: cold resistance 1
a: Potion Petition, Call Merchant, Bribe Branch, Renounce Religion


You were on level 4 of the Dungeon.
You worshipped Gozag.
Gozag was aware of your devotion.
You were hungry.

You visited 1 branch of the dungeon, and saw 4 of its levels.

You collected 451 gold pieces.
You spent 80 gold pieces at shops.
You paid 26 gold pieces to Gozag.

Inventory:

Hand Weapons
 b - a +0 spear (weapon)
 c - a +0 dagger
Armour
 a - a +0 robe (worn)
 i - a +2 helmet (worn)
 l - a +0 pair of boots (worn)
 s - a +1 ring mail of fire resistance
Scrolls
 e - 2 scrolls of remove curse
 f - a scroll of immolation {unknown}
 h - 3 scrolls of identify
 m - 2 scrolls of fog
 n - 2 scrolls of enchant weapon
 o - 2 scrolls of blinking {unknown}
Potions
 g - a potion of magic {unknown}
 q - a potion of invisibility {unknown}
Comestibles
 d - a ration


   Skills:
 + Level 3.2 Short Blades
 - Level 1.7 Dodging
 + Level 2.1 Stealth
 - Level 4.0 Spellcasting
 - Level 4.0 Conjurations
   Level 1.0 Summonings
 - Level 0.8 Translocations
 - Level 2.0 Poison Magic


You had 7 spell levels left.
You knew the following spells:

 Your Spells              Type           Power        Failure   Level  Hunger
a - Magic Dart            Conj           ###.         2%          1    None
b - Blink                 Tloc           N/A          13%         2    #......
c - Mephitic Cloud        Conj/Pois/Air  ##......     16%         3    ###....


Dungeon Overview and Level Annotations

Branches:
Dungeon (4/15)
 Temple: D:4-7

Altars:
Elyvilon
Gozag
Kikubaaqudgha
Nemelex Xobeh
Trog
Vehumet
Wu Jian
Yredelemnul
Zin
The Shining One

Shops:
D:4 !


Innate Abilities, Weirdness & Mutations

Your flesh is cold resistant. (rC+)


Message History

* * * LOW HITPOINT WARNING * * *
Casting: Magic Dart (safe; 2% risk of failure)
Confirm with . or Enter, or press ? or * to list all spells.
Aiming: Magic Dart (safe; 2% risk of failure)
Press: ? - help, Shift-Dir - straight line, f/p - worker ant
Aim: a worker ant (severely wounded)
The magic dart hits the worker ant.
The worker ant is severely wounded.
The worker ant bites you.
* * * LOW HITPOINT WARNING * * *
You hit the worker ant but do no damage.
The worker ant is severely wounded.
The worker ant barely misses you.
You completely miss the worker ant.
The worker ant is severely wounded.
The worker ant bites you.
* * * LOW HITPOINT WARNING * * *
The worker ant bites you.
You die...
Your body crumbles into a pile of gold.

####......##.#.(......########.
#[###..##.#.###.##........#.
##.###..##.#.#...............
#####....#.>.....................
.........#.###.#.#...#########.#.
.....)...#.# #.#.#.......... #.#.
......####.# #.#''.......... #.#.
.....)####.# #.............. #.#.
.........#.# #.$@..######### #.#.
########.#.###..a..# #....###.#.
#.#.........# #.##.#...#.
#......#....# #.##.#.#### #####
#......+....# #.##'#..... ....#
##.....#....# #.#.[..#### ....#
#.....##+#.# #......# ....#
#.....##.#.#####.....# ....#
#.....##.#...........#


You could see a worker ant.

Vanquished Creatures
  A phantom (D:4)
  A scorpion (D:4)
  2 orc priests (D:4)
  2 orc wizards (D:3)
  A worker ant (D:4)
  9 adders
  An adder skeleton (D:4)
  A dart slug (D:2)
  3 orcs
  4 giant cockroaches
  5 hobgoblins
  9 kobolds
  A quokka (D:4)
  A ball python (D:3)
  11 bats
  5 frilled lizards
  7 goblins
  2 rats
66 creatures vanquished.

Notes
Turn   | Place    | Note
-------+----------+-------------------------------------------
     0 | D:1      | Kaname the Demonspawn Wizard began the quest for the Orb.
     0 | D:1      | Reached XP level 1. HP: 13/13 MP: 4/4
   425 | D:1      | Gained mutation: Your flesh is cold resistant. (rC+) [demonic ancestry]
   425 | D:1      | Reached XP level 2. HP: 19/19 MP: 3/6
  1283 | D:2      | Reached XP level 3. HP: 22/24 MP: 0/7
  1367 | D:2      | Learned a level 2 spell: Blink
  1371 | D:2      | Learned a level 3 spell: Mephitic Cloud
  1396 | D:2      | Reached skill level 1 in Short Blades
  1472 | D:2      | Found an opulent altar of Gozag.
  1472 | D:2      | Found a radiant altar of Vehumet.
  1474 | D:2      | Found an ancient bone altar of Kikubaaqudgha.
  1476 | D:2      | Found an ornate altar of the Wu Jian Council.
  1479 | D:2      | Became a worshipper of Gozag Ym Sagoz the Greedy
  1482 | D:2      | Found a basalt altar of Yredelemnul.
  1482 | D:2      | Found a glowing golden altar of the Shining One.
  1483 | D:2      | Found a bloodstained altar of Trog.
  1483 | D:2      | Found a glowing silver altar of Zin.
  1487 | D:2      | Reached skill level 1 in Poison Magic
  1524 | D:2      | Found a white marble altar of Elyvilon.
  1655 | D:2      | Reached XP level 4. HP: 30/30 MP: 2/8
  2373 | D:2      | Found an opulent altar of Gozag.
  2374 | D:2      | Found a radiant altar of Vehumet.
  2376 | D:2      | Found an ancient bone altar of Kikubaaqudgha.
  2379 | D:2      | Found an ornate altar of the Wu Jian Council.
  2380 | D:2      | Found a glowing golden altar of the Shining One.
  2380 | D:2      | Found a basalt altar of Yredelemnul.
  2380 | D:2      | Found a bloodstained altar of Trog.
  2380 | D:2      | Found a glowing silver altar of Zin.
  2385 | D:2      | Found a white marble altar of Elyvilon.
  2653 | D:3      | Reached XP level 5. HP: 6/35 MP: 0/9
  3283 | D:3      | Found a sparkling altar of Nemelex Xobeh.
  3631 | D:4      | Found Engairel's Distillery.
  3650 | D:4      | Bought a potion of curing for 30 gold pieces
  3650 | D:4      | Bought a potion of heal wounds for 50 gold pieces
  3687 | D:4      | Noticed a phantom
  4047 | D:4      | Killed a phantom
  4047 | D:4      | Reached XP level 6. HP: 10/41 MP: 0/11
  4658 | D:4      | HP: 2/41 [poisoned by a scorpion]
  4759 | D:4      | Slain by a worker ant

Vault maps used:
D:1:      saegor_arrival_miasma
D:2:      minitemple
D:3:      kennysheep_six_static_rooms, nemelex_lonely_heart_becter
D:4:      serial_shops, shop, first_ration

Skill      XL: |  1  2  3  4  5  6 |
---------------+-------------------+-----
Conjurations   | 2 3 4 |  4.0
Short Blades   | 1 2 3 |  3.2
Poison Magic   | 1 2 |  2.0
Spellcasting   | 4 |  4.0
Stealth        | 2 |  2.1
Dodging        | |  1.7
Summonings     | |  1.0
Translocations | |  0.8

Action                   |  1- 3 |  4- 6 || total
-------------------------+-------+-------++-------
Melee: Dagger            |    15 |       ||    15
       Unarmed           |     2 |       ||     2
       Spear             |    34 |   261 ||   295
 Cast: Magic Dart        |    53 |    77 ||   130
       Mephitic Cloud    |       |     3 ||     3
       Blink             |       |     1 ||     1
  Use: Potion            |       |    11 ||    11
       Scroll            |       |     3 ||     3
 Stab: Confused          |       |     1 ||     1
       Sleeping          |       |     4 ||     4
  Eat: Chunk             |     2 |       ||     2
       Ration            |       |     3 ||     3
Armor: Robe              |    26 |    96 ||   122
Dodge: Dodged            |    46 |   176 ||   222

Table legend:
 A = Spawn XP
 B = Non-spawn XP
 C = Spawn XP percentage of total XP
 D = Spawn monster count
 E = Non-spawn monster count
 F = Spawn count percentage of total count
 G = Total turns spent on level
                    A         B        C        D         E        F      G
               +---------+---------+-------+---------+---------+-------+---------
         Total |       0 |     586 |   0.0 |       0 |      66 |   0.0 |  4759
               +---------+---------+-------+---------+---------+-------+---------
           D:1 |       0 |      17 |   0.0 |       0 |      12 |   0.0 |  1111
           D:2 |       0 |     108 |   0.0 |       0 |      24 |   0.0 |  1399
           D:3 |       0 |     139 |   0.0 |       0 |      20 |   0.0 |  1121
           D:4 |       0 |     322 |   0.0 |       0 |      10 |   0.0 |  1128
               +---------+---------+-------+---------+---------+-------+---------
